[Event "GER-ch Youth-U16 2022"]
[Site "Willingen"]
[Date "2022.06.11"]
[Round "9.15"]
[White "Spriestersbach, Kai"]
[Black "Tovmasyan, Minas"]
[Result "1/2-1/2"]
[ECO "B40"]
[WhiteElo "1948"]
[BlackElo "1933"]
[Annotator "TA"]
[PlyCount "74"]
[EventDate "2022.06.05"]
[EventType "swiss"]
[EventRounds "9"]
[EventCountry "GER"]
[SourceTitle "playchess.com"]
[Source "ChessBase"]
[SourceQuality "1"]
[TimeControl "40/4500+30:900+30"]

1. e4 c5 2. Nf3 e6 3. d4 cxd4 4. Nxd4 d6 5. Nc3 a6 6. g4 b5 {[%emt 0:00:00] [#] B54: Sicilian: 2...d6 3 d4 cxd4 4 Nxd4, Unusual Lines .} 7. Bd3 $146 (7. Bg2 $14) ({Predecessor:} 7. a3 Bb7 8. Bg2 Ne7 9. h4 Nec6 10. g5 Nxd4 11. Qxd4 Nc6 12. Qe3 g6 13. b3 Bg7 14. Bb2 {1-0 (31) Svidler,P (2723)-Yakovich,Y (2526) Chess.com INT 2020}) 7... Bb7 $11 8. Be3 Nd7 {[%emt 0:00:00] Black has an edge.} 9. Qe2 Qc7 (9... b4 $5 10. Nd1 Ngf6 $11) 10. a3 Nb6 (10... Nc5 $11) 11. a4 {[%emt 0:14:18] White is more active.} (11. O-O-O $14) 11... b4 12. Nb1 (12. a5 $5 bxc3 13. axb6 cxb2 14. Rb1 Qc3+ 15. Qd2 Qxd2+ 16. Kxd2 $15) 12... d5 13. Nd2 Nf6 14. a5 (14. f3 $1 $11) 14... Nbd7 15. f3 dxe4 16. fxe4 Nc5 17. Bg5 (17. N4b3 $15) 17... Be7 18. N4b3 (18. O-O $17) 18... h6 $2 (18... Nfxe4 $2 19. Nxe4 Nxd3+ 20. cxd3) (18... Nxd3+ $19 19. cxd3 Nxe4 $1 20. Nxe4 Bxg5) 19. Bh4 $2 (19. Nxc5 $15 Qxc5 20. Be3) 19... Qf4 $2 (19... Nfxe4 20. Bxe7 Nxd3+ 21. Qxd3 Nxd2 22. Qxd2 Qxe7) (19... Nxd3+ $19 20. Qxd3 O-O) 20. Rf1 (20. Nxc5 $1 $11 Bxc5 21. h3 (21. Rf1 Qxg4 22. Bxf6 Qxe2+ 23. Kxe2 gxf6 $15)) 20... Nxd3+ 21. cxd3 Qxg4 22. Bxf6 (22. Qxg4 $11 {should be considered.} Nxg4 23. Bxe7 Kxe7 24. Rg1) 22... Qxe2+ $17 23. Kxe2 Bxf6 24. Nc4 {[%emt 0:01:51] Hoping for Nd6+.} O-O $1 25. Nb6 Rad8 (25... Bxb2 $6 26. Rab1 Bc3 27. Nxa8 Rxa8 28. Nc1 $11) 26. Rac1 {[%emt 0:00:56] Against Bc6} Bxb2 {[%emt 0:01:21] A strong pair of Bishops.} 27. Rc7 Bc8 ({Better is} 27... Ba8 $17 28. Nc4 Bf6) 28. Nxc8 Rxc8 29. Rfxf7 Rxc7 ({Don't play} 29... Rxf7 30. Rxc8+ Rf8 31. Rc6 $11) 30. Rxc7 $15 {[%emt 0:00:06][%mdl 4096] Endgame KRB-KRN} Be5 31. Rc6 (31. Rb7 $15) 31... Bxh2 $17 32. Rxa6 h5 $1 {[%emt 0:00:59][%cal Bh6h5,Bh5h4][%mdl 32] Strongly threatening ...h4.} 33. Rxe6 {[%emt 0:04:18] [#]} (33. Nd4 $142) 33... h4 $1 $19 34. Nd4 Bc7 35. Rc6 ({But not} 35. a6 $2 h3 36. Rc6 h2 $19) 35... Bxa5 {[%emt 0:00:58] ...h3 is the strong threat.} 36. Rc1 {[%emt 0:00:54] [#]} Bd8 ({Black should try} 36... h3 $1 $19 {Threatens to win with ...Bb6.} 37. Rh1 Bb6) 37. Rb1 $15 Bf6 {[%emt 0:00:17] Weighted Error Value: White=0.45/Black=0.37} 1/2-1/2